 Dungeon Sprint DCSS version 0.32-a0-699-g1ee5eff69a (webtiles) character file.

Game seed: 12308754605969329344

7989 Griffin23 the Peltast (level 11, -4/110 HPs)
             Began as a Minotaur Fighter on Mar 13, 2024.
             Was the Champion of Yredelemnul.
             Slain by a deep elf blademaster
             ... wielding a +0 rapier
              (13 damage)
             ... in the Dungeon (Sprint V: "Ziggurat Sprint").
             The game lasted 00:20:00 (866 turns).

Griffin23 the Peltast (Minotaur Fighter)             Turns: 866, Time: 00:20:02

Health: -4/110     AC: 22    Str: 29    XL:     11   Next: 4%
Magic:  16/16      EV:  0    Int:  5    God:    Yredelemnul [******]
Gold:   0          SH: 32    Dex: 18    Spells: 10/10 levels left

rFire   . . .        J - +9 sword of Zonguldrok {reap}
rCold   . . .        E - +18 shield of the Gong {Loud rN+ Will+ rCorr EV-5}
rNeg    + . .        B - +5 crystal plate armour
rPois   .            N - +0 mask of the Dragon {Will+ Slay+3 SInv}
rElec   .            (no cloak)
rCorr   +            (no gloves)
SInv    +            (no boots)
Will    ++...        (no amulet) Stlth
                     u - +6 ring of dexterity
HPRegen 0.38/turn    x - +6 ring of strength
MPRegen 0.15/turn

%: no teleportation
@: corroded, wreathed by umbra
A: horns 2, retaliatory headbutt
a: Renounce Religion, Light the Black Torch, Recall Undead Harvest, Hurl
Torchlight, Bind Soul, Fathomless Shackles


You were in the Dungeon.
You worshipped Yredelemnul.
Yredelemnul was aware of your devotion.
You visited 1 branch

Inventory:

Hand Weapons
 a - a +0 long sword
 D - a +5 demon blade
 F - the +11 Singing Sword {sonic wave}
   (You found it in the Dungeon)
 G - the +11 plutonium sword {^Contam Stlth-}
   (You found it in the Dungeon)

   ^Contam:   It causes magical contamination when unequipped.
   Stlth-:    It makes you less stealthy.
 H - the +6 shillelagh "Devastator" {shatter}
   (You found it in the Dungeon)
 I - the +9 sword of Power {lifebolt}
   (You found it in the Dungeon)
 J - the +9 sword of Zonguldrok (weapon) {reap}
   (You found it in the Dungeon)
 V - the +3 long sword of Tischom {antimagic, rPois rF+ rC+}
   (You found it in the Dungeon)

   rF+:       It protects you from fire.
   rC+:       It protects you from cold.
   rPois:     It protects you from poison.
Armour
 b - a +0 scale mail
 c - a +0 buckler
 B - a +5 crystal plate armour (worn)
 C - a +3 tower shield
 E - the +18 shield of the Gong (worn) {Loud rN+ Will+ rCorr EV-5}
   (You found it in the Dungeon)

   Loud:      It is deafeningly noisy when blocking attacks.
   EV-5:      It affects your evasion (-5).
   rN+:       It protects you from negative energy.
   Will+:     It increases your willpower.
   rCorr:     It protects you from acid and corrosion.
 N - the +0 mask of the Dragon (worn) {Will+ Slay+3 SInv}
   (You found it in the Dungeon)

   Slay+3:    It affects your accuracy & damage with ranged weapons and melee
   (+3).
   Will+:     It increases your willpower.
   SInv:      It lets you see invisible.
Jewellery
 s - a ring of flight
 t - a +6 ring of dexterity
 u - a +6 ring of dexterity (left hand)
 v - a +6 ring of intelligence
 w - a +6 ring of intelligence
 x - a +6 ring of strength (right hand)
 y - a +6 ring of strength
 L - a ring of magical power
 M - an amulet of guardian spirit
 P - a ring of fire
 Q - a +6 ring of strength
 U - the amulet of Joguli {Acrobat rF+ rC+ SInv}
   (You found it in the Dungeon)

   [amulet of the acrobat]

   Acrobat:   It increases your evasion while moving and waiting.
   rF+:       It protects you from fire.
   rC+:       It protects you from cold.
   SInv:      It lets you see invisible.
Talismans
 K - a beast talisman
Wands
 z - a wand of mindburst (18)
 A - a wand of acid (17)
 O - a wand of warping (2)
 R - a wand of charming (6)
 T - a wand of flame (12)
Scrolls
 j - 4 scrolls of blinking
 o - 4 scrolls of amnesia
 p - 7 scrolls of fog
 q - 5 scrolls of identify
 r - 2 scrolls of fear
 S - a scroll of brand weapon
Potions
 d - 6 potions of might
 e - 10 potions of curing
 f - 10 potions of heal wounds
 g - 6 potions of haste
 h - 7 potions of magic
 i - 3 potions of berserk rage
 k - 2 potions of brilliance
 l - 2 potions of invisibility
 m - 4 potions of resistance
Miscellaneous
 n - a phial of floods


   Skills:
 * Level 14.1 Fighting
 * Level 14.5 Long Blades
 * Level 14.2 Armour
 * Level 16.6 Shields
 * Level 8.5 Invocations
 * Level 7.6 Evocations


You had 10 spell levels left.
You didn't know any spells.
Your spell library contained the following spells:

 Spells                   Type           Power      Damage    Failure   Level
 Slow                     Hex            0%         N/A       100%        1
 Dazzling Flash           Conj/Hex       0%         N/A       100%        3
 Fugue of the Fallen      Necr           0%         N/A       100%        3
 Inner Flame              Hex/Fire       0%         N/A       100%        3
 Mephitic Cloud           Conj/Alch/Air  0%         N/A       100%        3
 Ozocubu's Armour         Ice            0%         N/A       100%        3
 Tukima's Dance           Hex            0%         N/A       100%        3
 Dimensional Bullseye     Hex/Tloc       0%         N/A       100%        4
 Iskenderun's Mystic Bla  Conj/Tloc      0%         2d3       100%        4
 Manifold Assault         Tloc           0%         N/A       100%        4
 Arcjolt                  Conj/Air       0%         1d10      100%        5
 Curse of Agony           Necr           0%         N/A       100%        5
 Irradiate                Conj/Alch      0%         3d11      100%        5
 Silence                  Hex/Air        0%         N/A       100%        5
 Summon Mana Viper        Hex/Summ       0%         N/A       100%        5
 Conjure Ball Lightning   Conj/Air       0%         3x3d6     100%        6
 Haunt                    Necr/Summ      0%         N/A       100%        7
 Ozocubu's Refrigeration  Ice            0%         4d7       100%        7
 Ignition                 Fire           0%         3d3       100%        8
 Infestation              Necr           0%         N/A       100%        8
 Animate Dead             Necr           Unusable   N/A       N/A         4

Dungeon Overview and Level Annotations

Branches:
Dungeon (1/1)

Altars:
Ashenzari
Cheibriados
Dithmenos
Elyvilon
Fedhas
Gozag
Hepliaklqana
Kikubaaqudgha
Makhleb
Nemelex Xobeh
Okawaru
Qazlal
Ru
Sif Muna
Trog
Uskayaw
Vehumet
Wu Jian
Xom
Yredelemnul
Zin
The Shining One
Beogh
Jiyva
Lugonu

Annotations:
D 1 transporter


Innate Abilities, Weirdness & Mutations

You have a pair of horns on your head.
You reflexively headbutt those who attack you in melee.


Message History

The deep elf pyromancer is engulfed in blazing flames.
The deep elf zephyrmancer gestures wildly while chanting.
The deep elf zephyrmancer blinks!
You continue putting on the amulet of Joguli {Acrobat rF+ rC+ SInv}.
You block the deep elf sorcerer's attack.
PANG!
You block the deep elf sorcerer's attack.
PTOANNNG!
The deep elf blademaster hits you with a +0 rapier!
* * * LOW HITPOINT WARNING * * *
The deep elf blademaster hits you but does no damage.
You block the deep elf sorcerer's attack.
PTOANNNG!
The deep elf pyromancer mumbles some strange words.
The deep elf pyromancer blinks!
The deep elf sorcerer casts a spell.
The deep elf sorcerer seems to speed up.
The deep elf pyromancer gestures wildly while chanting.
The deep elf pyromancer blinks!
The deep elf high priest unwields a +0 shortbow.
The deep elf high priest wields a +0 short sword.
The deep elf high priest hits you with a +0 short sword!
* * * LOW HITPOINT WARNING * * *
You continue putting on the amulet of Joguli {Acrobat rF+ rC+ SInv}.
You block the deep elf sorcerer's attack.
SHROANNG!
You block the deep elf blademaster's attack.
BOUMMMMG!
You block the deep elf blademaster's attack.
SHROANNG!
The deep elf sorcerer completely misses you.
You furiously retaliate!
You headbutt the deep elf sorcerer.
The deep elf sorcerer hits you with a +0 long sword.
* * * LOW HITPOINT WARNING * * *
The fire elemental completely misses you.
The deep elf sorcerer hits you but does no damage.
The deep elf blademaster hits you but does no damage.
The deep elf blademaster hits you with a +0 rapier!
You die...
Your body rises from the dead as a mindless zombie.

▓▓▓▓▓▓▓▓▓▓▓▓▓▓▓▓▓▓▓
▓...ß©ß...▓...ß©ß...▓
▓..=...)e.▓.....)|..▓
▓..:))?|..▓.........▓
▓.........▓.........▓
▓.e...§...▓.........▓
▓.e..§....▓.........▓
▓..○eee☼..▓.........▓
▓..☼e@eE..▓.▓.....▓.▓
▓...E.....▓....©....▓
▓....©....▓▓▓▓▓▓▓▓▓▓▓
▓▓▓▓▓▓▓▓▓▓▓


You could see a deep elf blademaster, 3 deep elf sorcerers, a deep elf high
priest (brilliance aura), 2 deep elf pyromancers, a deep elf zephyrmancer
(empowered, reflecting) and 2 fire elementals.

Vanquished Creatures
  A dancing weapon (D)
  A deep elf knight (D)
  A deep elf pyromancer (D)
  A deep elf zephyrmancer (D)
  An orc sorcerer (D)
  2 cyclopes (D)
  An eye of devastation (D)
  A smoke demon (D)
  4 merfolk (D)
  2 wind drakes (D)
  2 glass eyes (D)
  A slime creature (D)
  A yak (D)
  A neqoxec (D)
  A merfolk zombie (D)
  A tengu (shapeshifter) (D)
  A centaur (D)
  A phantom (D)
  A weeping skull (D)
  A bullfrog (D)
  2 wights (D)
  A crimson imp (D)
  2 jellies (D)
  An iron imp (D)
  An iguana (D)
  A shadow imp (D)
  3 ufetubi (D)
  A jackal (D)
  A spectral ufetubus (D)
39 creatures vanquished.

Vanquished Creatures (collateral kills)
  A cyclops (D)
  A shining eye (D)
  A merfolk (D)
  A raiju (D)
  A golden eye (D)
  2 centaurs (D)
  A brain worm (shapeshifter) (D)
  A crimson imp (D)
  2 jellies (D)
  2 ufetubi (D)
  A bat skeleton (D)
  2 endoplasms (D)
  A jackal skeleton (D)
17 creatures vanquished.

Vanquished Creatures (others)
  A slime creature zombie (D)
  A wind drake zombie (D)
  A spectral smoke demon (D)
  An elf zombie (D)
  A spectral neqoxec (D)
  A quasit (D)
  A tengu zombie (D)
  A spectral iron imp (D)
  A spectral shadow imp (D)
  A spectral ufetubus (D)
10 creatures vanquished.

Grand Total: 66 creatures vanquished

Notes
Turn   | Place    | Note
-------+----------+-------------------------------------------
     0 | D        | Griffin23 the Minotaur Fighter began the quest for the Orb.
     0 | D        | Reached XP level 1. HP: 19/19 MP: 0/0
     0 | D        | Found a shimmering blue altar of Sif Muna.
     0 | D        | Found a bloodstained altar of Trog.
     0 | D        | Found a sacrificial altar of Ru.
     0 | D        | Found a stormy altar of Qazlal.
     0 | D        | Found an iron altar of Okawaru.
     1 | D        | Found a sparkling altar of Nemelex Xobeh.
     1 | D        | Found a blossoming altar of Fedhas.
     1 | D        | Found the +6 Majin-Bo {spellvamp, MP+6 Int+6}
     1 | D        | Found the +27 heavy crossbow "Sniper" {heavy, Acc+∞ SInv}
     1 | D        | Found the +10 dark maul {heavy}
     1 | D        | Found the +15 Maxwell's patent armour {-Cast -Tele rElec
                  | Will+ rCorr}
     1 | D        | Found the +18 shield of the Gong {Loud rN+ Will+ rCorr
                  | EV-5}
     1 | D        | Found the +16 obsidian axe {drain, demonic, Mesm ^Drain Fly
                  | SInv}
     1 | D        | Found the +7 great mace "Firestarter" {flame, immolate,
                  | rFlCloud rF++}
     1 | D        | Found the +6 shillelagh "Devastator" {shatter}
     1 | D        | Found the +11 plutonium sword {^Contam Stlth-}
     1 | D        | Found the +8 lance "Wyrmbane" {slay drac, rPois rF+ rC+
                  | AC+3}
     1 | D        | Found the +9 sword of Zonguldrok {reap}
     1 | D        | Found the +13 scythe of Curses {drain, curses, ^Drain}
     1 | D        | Found the +9 sword of Power {lifebolt}
     1 | D        | Found the +7 mace of Variability {chaos, chaos arc}
     1 | D        | Found the +11 Singing Sword {sonic wave}
     1 | D        | Found the +8 storm bow {elec, penet}
     3 | D        | Found a transporter.
     3 | D        | Found an ancient bone altar of Kikubaaqudgha.
     3 | D        | Found a viscous altar of Jiyva.
     3 | D        | Found a corrupted altar of Lugonu.
     3 | D        | Found a hazy altar of Hepliaklqana.
     3 | D        | Found a burning altar of Makhleb.
     3 | D        | Found an opulent altar of Gozag.
    98 | D        | Became a worshipper of Yredelemnul the Fallen
   142 | D        | Reached skill level 5 in Fighting
   142 | D        | Reached skill level 5 in Armour
   142 | D        | Reached skill level 5 in Shields
   142 | D        | Reached skill level 1 in Evocations
   142 | D        | Reached XP level 2. HP: 29/29 MP: 0/2
   203 | D        | Entered arena 2.
   203 | D        | Noticed a tengu
   203 | D        | a hound changed into a shapeshifter
   203 | D        | Noticed a shapeshifter (shapeshifter)
   203 | D        | Found a transporter.
   204 | D        | a shapeshifter changed into a swamp drake
   204 | D        | Noticed a swamp drake (shapeshifter)
   205 | D        | Killed a tengu
   206 | D        | Reached skill level 5 in Long Blades
   206 | D        | Reached skill level 6 in Shields
   206 | D        | Reached XP level 3. HP: 35/38 MP: 2/4
   206 | D        | Reached XP level 4. HP: 41/45 MP: 2/5
   207 | D        | a swamp drake changed into a centaur
   207 | D        | Noticed a centaur (shapeshifter)
   209 | D        | a centaur changed into a brain worm
   209 | D        | Noticed a brain worm (shapeshifter)
   210 | D        | Killed a brain worm
   211 | D        | Reached skill level 7 in Shields
   211 | D        | Reached XP level 5. HP: 46/52 MP: 2/6
   247 | D        | Entered arena 3.
   247 | D        | Noticed a glass eye
   247 | D        | Noticed a glass eye
   247 | D        | Found a transporter.
   252 | D        | Killed a glass eye
   253 | D        | Reached skill level 8 in Shields
   253 | D        | Reached XP level 6. HP: 62/62 MP: 6/8
   256 | D        | Killed a glass eye
   257 | D        | Reached skill level 9 in Shields
   257 | D        | Reached XP level 7. HP: 71/71 MP: 6/9
   288 | D        | Entered arena 4.
   288 | D        | Noticed a deep elf knight
   288 | D        | Noticed an orc sorcerer
   288 | D        | Noticed a deep elf zephyrmancer
   288 | D        | Noticed a deep elf pyromancer
   288 | D        | Found a transporter.
   291 | D        | Noticed a red devil
   291 | D        | Killed a deep elf zephyrmancer
   292 | D        | Reached skill level 10 in Fighting
   292 | D        | Reached skill level 10 in Armour
   292 | D        | Reached skill level 10 in Shields
   292 | D        | Reached skill level 5 in Invocations
   294 | D        | Noticed a fire elemental
   294 | D        | Noticed a fire elemental
   294 | D        | Killed a deep elf knight
   294 | D        | Killed an orc sorcerer
   294 | D        | Killed a deep elf pyromancer
   295 | D        | Reached skill level 12 in Shields
   295 | D        | Reached skill level 5 in Evocations
   295 | D        | Reached XP level 8. HP: 62/85 MP: 9/11
   295 | D        | Reached XP level 9. HP: 66/91 MP: 9/12
   319 | D        | Entered arena 5.
   319 | D        | Found a transporter.
   328 | D        | Reached skill level 10 in Long Blades
   339 | D        | Entered arena 6.
   339 | D        | Found a transporter.
   345 | D        | Reached skill level 13 in Shields
   381 | D        | Entered arena 7.
   381 | D        | Noticed a merfolk
   381 | D        | Noticed a wind drake
   381 | D        | Noticed a cyclops
   381 | D        | Noticed a merfolk
   381 | D        | Noticed a cyclops
   381 | D        | Noticed a merfolk
   384 | D        | Found a transporter.
   388 | D        | Killed a merfolk
   390 | D        | Killed a wind drake
   391 | D        | Killed a merfolk
   394 | D        | Killed a merfolk
   395 | D        | Reached skill level 14 in Shields
   396 | D        | Killed a cyclops
   397 | D        | Reached XP level 10. HP: 58/101 MP: 14/14
   397 | D        | Killed a cyclops
   538 | D        | Got the Compendium of the Doomed Atmosphere
   543 | D        | Entered arena 8.
   543 | D        | Found the +0 mask of the Dragon {Will+ Slay+3 SInv}
   543 | D        | Noticed a smoke demon
   548 | D        | Reached * piety under Yredelemnul
   549 | D        | Killed a smoke demon
   549 | D        | Found a transporter.
   550 | D        | Reached skill level 15 in Shields
   550 | D        | Reached ** piety under Yredelemnul
   600 | D        | Entered arena 9.
   600 | D        | Noticed a cyclops
   602 | D        | Found a transporter.
   609 | D        | Killed a cyclops
   609 | D        | Reached *** piety under Yredelemnul
   621 | D        | Reached **** piety under Yredelemnul
   765 | D        | Entered arena 10.
   766 | D        | Found a transporter.
   775 | D        | Reached ***** piety under Yredelemnul
   812 | D        | Entered arena 11.
   812 | D        | Noticed a shining eye
   812 | D        | Noticed an eye of devastation
   813 | D        | Found a transporter.
   816 | D        | Reached skill level 16 in Shields
   820 | D        | Killed a shining eye
   820 | D        | Reached ****** piety under Yredelemnul
   822 | D        | Killed an eye of devastation
   830 | D        | Got the Omnibus of Bewitching Rime
   837 | D        | Got the amulet of Joguli {Acrobat rF+ rC+ SInv}
   846 | D        | Got the +3 long sword of Tischom {antimagic, rPois rF+ rC+}
   855 | D        | Entered arena 12.
   855 | D        | Noticed a deep elf sorcerer
   855 | D        | Noticed a deep elf sorcerer
   855 | D        | Noticed a deep elf pyromancer
   855 | D        | Noticed a deep elf sorcerer
   855 | D        | Noticed a +4 short sword of protection
   856 | D        | Noticed a deep elf zephyrmancer
   856 | D        | Noticed a deep elf blademaster
   856 | D        | Noticed a deep elf high priest
   856 | D        | Noticed a deep elf pyromancer
   859 | D        | Killed a +4 short sword of protection
   860 | D        | Reached XP level 11. HP: 73/110 MP: 16/16
   860 | D        | Found a transporter.
   866 | D        | Slain by a deep elf blademaster

Illustrated notes

Levels and vault maps discovered:
D:        sprint_v [room_start, room_1, room_2, room_3, room_4, room_5, room_6,
          room_7, room_8, room_9, room_10, room_11, room_12, room_13, room_14,
          room_15, room_16, room_17, room_18, room_19, room_20, room_21,
          room_22, room_23, room_24, room_25, room_26, room_27]

Skill      XL: |  1  2  3  4  5  6  7  8  9 10 |
---------------+-------------------------------+-----
Fighting       | 5 6 7 8 9 12 13 14 | 14.1
Long Blades    | 4 5 6 7 9 11 14 | 14.5
Armour         | 5 6 7 8 9 12 13 14 | 14.2
Shields        | 5 6 7 8 9 12 14 16 | 16.6
Invocations    | 2 3 4 6 7 8 |  8.5
Evocations     | 1 2 3 4 5 6 7 |  7.6

Action                     |  1- 3 |  4- 6 |  7- 9 | 10-12 || total
---------------------------+-------+-------+-------+-------++-------
  Melee: Headbutt          |     1 |     1 |     6 |     7 ||    15
         Demon blade       |     1 |     1 |       |       ||     2
         Double sword      |       |     6 |    33 |    39 ||    78
 Invoke: Light the Black T |       |       |       |     1 ||     1
    Use: Potion            |     1 |       |       |       ||     1
   Stab: Distracted        |       |       |       |     1 ||     1
 Armour: Crystal plate arm |     1 |     1 |    20 |    51 ||    73
  Dodge: Dodged            |       |     1 |       |     2 ||     3
  Block: Tower shield      |     2 |     3 |     4 |       ||     9
         Kite shield       |       |       |    66 |    53 ||   119

Table legend: (Time is in decaauts)
 A = Elapsed time spent in this place.
 B = Non-inter-level travel time spent in this place.
 C = Inter-level travel time spent in this place.
 D = Time resting spent in this place.
 E = Time spent auto-exploring this place.
 F = Levels seen in this place.
 G = Mean time per level.
                   A        B        C        D        E       F      G
               +--------+--------+--------+--------+--------+-----+--------+
         Total |    865 |    861 |      4 |    148 |    251 |   1 |  865.0 |
       Dungeon |    865 |    861 |      4 |    148 |    251 |   1 |  865.0 |
               +--------+--------+--------+--------+--------+-----+--------+

Top non-repeatable levels by time:
       D: 865 daAuts
